 Dungeon Crawl Stone Soup version 0.21-a0-286-g6fcecc0 (webtiles) character file.

11638 tidbits the Fighter (level 11, -9/97 HPs)
             Began as a White Draconian Necromancer on Sept 26, 2017.
             Was a High Priest of Makhleb.
             Mangled by an orc warrior
             ... wielding a +2 broad axe of holy wrath
              (25 damage)
             ... on level 1 of the Orcish Mines.
             The game lasted 00:51:33 (5298 turns).

tidbits the Fighter (White Draconian Necromancer)   Turns: 5298, Time: 00:51:34

Health: -9/97      AC:  8    Str: 15    XL:     11   Next: 51%
Magic:  24/24      EV: 16    Int: 19    God:    Makhleb [*****.]
Gold:   353        SH:  0    Dex: 13    Spells: 10/28 levels left

rFire    + . .     SeeInvis .   c - +4 scimitar (flame)
rCold    + + .     Gourm    .   (no shield)
rNeg     . . .     Faith    .   (armour unavailable)
rPois    +         Spirit   .   (helmet restricted)
rElec    .         Reflect  .   F - scarf {rC+ rF+}
rCorr    .         Harm     .   G - +0 pair of gloves
MR       .....                  (no boots)
Stlth    +++.......             A - amulet of rage
HPRegen  0.26/turn              R - ring "Viubus" {Str+5 Dex+3 Stlth+}
MPRegen  0.19/turn              W - ring of wizardry

@: berserk cooldown, hasted and slowed, drained
A: breathe frost, unfitting armour, clumsy 1, cold resistance 1, poison
resistance, cold-blooded, AC +7
a: Breathe Frost, Minor Destruction, Lesser Servant of Makhleb, Major
Destruction, Greater Servant of Makhleb, Renounce Religion, Evoke Berserk Rage


You were on level 1 of the Orcish Mines.
You worshipped Makhleb.
Makhleb was extremely pleased with you.
You were hungry.

You visited 2 branches of the dungeon, and saw 12 of its levels.

You collected 808 gold pieces.
You spent 455 gold pieces at shops.

Inventory:

Hand Weapons
 a - a +0 scythe
 c - a +4 scimitar of flaming (weapon)
   (You took it off Erica on level 8 of the Dungeon)
 d - a +2 dagger of draining
   (You took it off an orc wizard on level 6 of the Dungeon)
 y - a +2 whip of flaming
   (You took it off Pikel on level 6 of the Dungeon)
Missiles
 e - 45 stones (quivered)
 f - 5 tomahawks of dispersal {!f}
 g - 263 arrows
 l - 33 tomahawks
 M - a throwing net {!f}
Armour
 F - a scarf of resistance (worn)
   (You found it on level 8 of the Dungeon)
 G - a +0 pair of gloves (worn)
Magical Staves
 H - an uncursed staff of death
   (You found it on level 8 of the Dungeon)
Jewellery
 s - a +2 ring of intelligence
   (You found it on level 5 of the Dungeon)
 A - an amulet of rage (around neck)
   (You found it on level 7 of the Dungeon)
 Q - an uncursed ring of wizardry
   (You found it on level 10 of the Dungeon)
 R - the ring "Viubus" (left hand) {Str+5 Dex+3 Stlth+}
   (You found it on level 10 of the Dungeon)

   [ring of stealth]

   It affects your strength (+5).
   It affects your dexterity (+3).
   It makes you more stealthy.
 W - a ring of wizardry (right hand)
   (You found it on level 3 of the Dungeon)
 X - a +6 ring of dexterity
   (You found it on level 5 of the Dungeon)
Wands
 C - a wand of random effects (32/48)
 I - a wand of confusion (27/48)
 K - a wand of iceblast (7/15)
 S - a wand of scattershot (1/9)
Scrolls
 k - 6 scrolls of remove curse
 n - a scroll of enchant weapon {unknown}
 p - a scroll of noise {unknown}
 q - a scroll of recharging
 r - a scroll of blinking {unknown}
 t - 4 scrolls of teleportation
 u - 2 scrolls of immolation
 v - 4 scrolls of fog
 w - 3 scrolls of amnesia
 E - a scroll of fear {unknown}
 J - a scroll of enchant armour {unknown}
 L - 2 scrolls of magic mapping
Potions
 h - 3 potions of curing
 z - 3 potions of lignification
 B - 2 potions of flight
 D - 2 potions of magic
 U - a potion of berserk rage {unknown}
Books
 o - a book of Necromancy

   Spells                             Type                      Level
   a - Pain                           Necromancy                   1
   b - Animate Skeleton               Necromancy                   1
   c - Vampiric Draining              Necromancy                   3
   d - Regeneration                   Charms/Necromancy            3
   e - Animate Dead                   Necromancy                   4
   f - Control Undead                 Necromancy                   4
 N - a book of Geomancy
   (You bought it in a shop on level 11 of the Dungeon)

   Spells                             Type                      Level
   a - Sandblast                      Earth                        1
   b - Passwall                       Transmutation/Earth          2
   c - Stone Arrow                    Conjuration/Earth            3
   d - Petrify                        Transmutation/Earth          4
   e - Lee's Rapid Deconstruction     Earth                        5
Comestibles
 b - 10 bread rations
 j - 5 meat rations
 m - 11 royal jellies
 O - 3 chunks of flesh


   Skills:
 - Level 9.4(9.1) Fighting
 - Level 8.1(7.9) Dodging
 - Level 1.7(1.5) Stealth
 + Level 1.0(0.7) Unarmed Combat
 - Level 9.0(8.7) Spellcasting
 - Level 7.3(7.0) Necromancy
 - Level 4.2(4.0) Transmutations
 - Level 4.1(3.8) Earth Magic
 - Level 7.5(7.2) Invocations
 - Level 4.0(3.7) Evocations


You had 10 spell levels left.
You knew the following spells:

 Your Spells              Type           Power        Failure   Level  Hunger
a - Pain                  Necr           ####         1%          1    None
n - Animate Skeleton      Necr           N/A          1%          1    None
r - Regeneration          Chrm/Necr      ###.......   2%          3    None
u - Control Undead        Necr           #####.....   1%          4    ###....
v - Vampiric Draining     Necr           #####.....   1%          3    None
w - Passwall              Tmut/Erth      ###.......   1%          2    None
N - Animate Dead          Necr           N/A          1%          4    ###....


Dungeon Overview and Level Annotations

Branches:
Dungeon (11/15)              Lair (0/6) D:11            Orc (1/2) D:11
 Temple: D:4-7

Altars:
Ashenzari
Elyvilon
Fedhas
Hepliaklqana
Makhleb
Nemelex Xobeh
Ru
Sif Muna
Xom
Beogh

Shops:
D:8 %   D:11 :

Annotations:
D:2 items behind diggable wall
D:4 zero's ghost, novice MiBe
D:8 exclusion: electric eel
Orc:1 Fannar


Innate Abilities, Weirdness & Mutations

You can breathe waves of freezing cold.
You can buffet flying creatures when you breathe cold.
Your icy white scales are hard. (AC +7)
You cannot fit into any form of body armour.
Your flesh is cold resistant. (rC+)
You are cold-blooded and may be slowed by cold attacks.
You are clumsy. (Dex -2)
Your system is resistant to poisons. (rPois)


Message History

Fannar is severely wounded.
You miss Fannar.
Fannar is severely wounded.
The ice beast hits you.
* * * LOW HITPOINT WARNING * * *
The ice beast freezes you. You resist.
* * * LOW HITPOINT WARNING * * *
The orc warrior barely misses you.
You riposte.
You slash the orc warrior! You burn the orc warrior.
The orc warrior is severely wounded.
Fannar hits you with a staff of cold.
* * * LOW HITPOINT WARNING * * *
Fannar freezes you!
* * * LOW HITPOINT WARNING * * *
You slice Fannar!! You burn Fannar.
Fannar is almost dead.
You are no longer berserk.
You are exhausted.
You feel yourself slow down.
The ice beast hits you but does no damage.
The ogre closely misses you.
You riposte.
You hit the ogre. You burn the ogre.
The ogre is lightly wounded.
The orc warrior hits you with a broad axe of holy wrath.
* * * LOW HITPOINT WARNING * * *
As you read the scroll labeled UXUWKI UDUIXT, it crumbles to dust.
The scroll dissolves into smoke.
It was a scroll of fog.
Fannar gestures at you while chanting. The bolt of cold hits you! You resist.
* * * LOW HITPOINT WARNING * * *
The ice beast hits you but does no damage.
The ogre misses you.
You riposte.
You slash the ogre! You burn the ogre.
Your tail-slap misses the ogre.
The ogre is heavily wounded.
Fannar closely misses you. The orc warrior barely misses you.
The ice beast misses you.
You riposte.
You barely miss the ice beast.
Your tail-slap misses the ice beast.
The ice beast is heavily wounded.
You hear a howl!
You feel much better.
You hear a shout! x2
The ogre closely misses you. Fannar misses you.
The ice beast hits you but does no damage.
The orc warrior hits you with a broad axe of holy wrath!
* * * LOW HITPOINT WARNING * * *
As you read the scroll labeled NENKUGR GIENE, it crumbles to dust.
You feel aware of your surroundings.
It was a scroll of magic mapping.
The ogre misses you.
The ice beast hits you but does no damage.
Some snowflakes condense on Fannar.
Fannar points at you and mumbles some strange words.
The bolt of cold hits you! You resist.
* * * LOW HITPOINT WARNING * * *
The orc warrior closely misses you.
You riposte.
You closely miss the orc warrior.
The orc warrior is severely wounded.
The ice beast hits you but does no damage.
Fannar hits you but does no damage. The ogre misses you.
You riposte.
You hit the ogre. You burn the ogre. You tail-slap the ogre.
You kill the ogre!
Makhleb accepts your kill.
You feel better.
You hear a howl!
You hit Fannar. You burn Fannar.
Fannar is almost dead.
The orc warrior closely misses you. The ice beast completely misses you.
You riposte.
You barely miss the ice beast.
The ice beast is heavily wounded.
Fannar hits you but does no damage. The orc closely misses you.
The ice beast hits you but does no damage.
The orc warrior hits you with a broad axe of holy wrath!
* * * LOW HITPOINT WARNING * * *
Fannar points at you and mumbles some strange words.
The bolt of cold misses you. The orc misses you.
You hear a shout!
You feel yourself speed up.
You hear a shout!
The ice beast hits you but does no damage.
Fannar casts a spell.
Fannar blinks!
The orc closely misses you.
You riposte.
You barely miss the orc. The orc warrior closely misses you.
You riposte.
You hit the orc warrior but do no damage.
The orc warrior is severely wounded.
You hit the orc warrior. You burn the orc warrior.
The orc warrior is almost dead.
The ice beast closely misses you. The orc closely misses you.
The orc warrior hits you with a broad axe of holy wrath!
* * * LOW HITPOINT WARNING * * *
The ice beast hits you but does no damage.
The orc hits you with a short sword.
* * * LOW HITPOINT WARNING * * *
A warg comes into view.
You feel better. The orc misses you.
You riposte.
You hit the orc. You burn the orc.
You kill the orc!
Makhleb accepts your kill.
You feel better.
Your base Unarmed Combat skill increases to level 1!
The ice beast misses you.
The orc warrior hits you with a broad axe of holy wrath!!
You die...

*,,,,,* *,,,,,,**,,,,** ****
***,*,,,***,,,,,****,,,*, *,,**
**,***,,,,**,,**** *,*,,,
,,,,****,,***,,,,*,,,* ***,,,
,,,,,*,,,,,*,*,,,,,*** *,,,
,,,,,**,,....,*,,,,* **,,
***,,,,,,....,###*,* ***
,*,,,,,,,#....#Y##** *
****,,****#..Yh§@## *
,*,*,,,,*##..§§o#o## *
,,,,,,,,*#..§.§##§§## ***
,,,,,,,,,#....#.....# **,,
,,,,**,,.....#.....##** *,,,
,,,,*,,,.......$....#,* ***,,,
,,,,,,,,.#.......##..#** **,*,,,
**,*,,,,*###....##*....#***,,,,,*
*****,,****#..$#* *#....**,,,,,**


You could see a warg, an orc warrior, an ice beast and an orc.

Vanquished Creatures
  Josephine (D:11)
  An unseen horror (D:10)
  Pikel (D:6)
  A deep elf mage (D:11)
  A cyclops (D:10)
  A centaur zombie (D:10)
  The ghost of tidbits the Insei, an amateur DgTm (D:3)
  3 slime creatures (D:11)
  Sigmund (D:2)
  2 wraiths (D:11)
  4 yaks
  An acid dragon (D:11)
  A porcupine (D:11)
  Duvessa (D:7)
  An ice beast (D:6)
  4 orc warriors
  4 ogres
  2 phantoms
  A sky beast (D:7)
  6 centaurs
  A crocodile (D:8)
  5 bullfrogs
  2 scorpions
  Dowan (D:7)
  18 killer bees
  4 wights (D:9)
  3 crimson imps
  4 hounds
  A jelly (D:11)
  2 orc priests
  A centaur skeleton (D:10)
  A gnoll shaman (D:8)
  A bullfrog skeleton (D:9)
  2 iguanas
  4 orc wizards
  2 worker ants (D:5)
  2 hound skeletons
  A howler monkey zombie (D:11)
  4 gnolls (D:8)
  7 adders
  A shadow imp (D:6)
  2 adder skeletons
  2 worms
  A dart slug (D:1)
  9 leopard geckos
  39 orcs
  4 giant cockroaches
  10 goblins
  9 hobgoblins
  5 quokkas
  6 bats
  2 frilled lizards
  4 kobolds
  A leopard gecko skeleton (D:5)
  10 rats
  A fungus (D:2)
210 creatures vanquished.

Vanquished Creatures (collateral kills)
  Erica (D:8)
  The ghost of Ijustatesigmund the Basher, a novice OpFi of Okawaru (D:8)
  A deep elf mage (D:11)
  A centaur zombie (D:11)
  A troll (D:11)
  A queen bee (D:9)
  A hippogriff (D:9)
  A wraith (D:11)
  Menkaure (D:5)
  A porcupine (D:11)
  An ice beast (D:7)
  2 necrophages (D:9)
  An orc warrior (D:8)
  2 black bears
  An ogre (D:10)
  2 bullfrogs (D:11)
  A wyvern skeleton (D:10)
  5 killer bees
  An orc priest (D:8)
  2 orc wizards
  A hound (D:8)
  A worker ant zombie (D:11)
  2 adders
  A leopard gecko (D:10)
  15 orcs
  A jackal (D:6)
  A quokka (D:10)
  A quokka skeleton (D:9)
51 creatures vanquished.

Vanquished Creatures (others)
  A fungus (D:11)
1 creature vanquished.

Grand Total: 262 creatures vanquished

Notes
Turn   | Place    | Note
-------+----------+-------------------------------------------
     0 | D:1      | tidbits the Draconian Necromancer began the quest for the Orb.
     0 | D:1      | Reached XP level 1. HP: 14/14 MP: 3/3
   219 | D:1      | Reached XP level 2. HP: 11/20 MP: 0/5
   558 | D:2      | Noticed Sigmund
   578 | D:3      | Reached XP level 3. HP: 8/26 MP: 0/6
   586 | D:3      | Learned a level 3 spell: Vampiric Draining
   590 | D:3      | Learned a level 3 spell: Regeneration
   599 | D:3      | HP: 2/26 [poisoned by an adder]
   609 | D:3      | Noticed tidbits's ghost (amateur DgTm)
   769 | D:4      | Noticed a scorpion
   769 | D:4      | Noticed a killer bee
   776 | D:3      | Killed a killer bee
   776 | D:3      | Reached skill level 5 in Necromancy
   776 | D:3      | Reached XP level 4. HP: 16/33 MP: 3/8
   941 | D:3      | Reached skill level 3 in Spellcasting
  1035 | D:3      | Reached XP level 5. HP: 31/38 MP: 5/9
  1038 | D:3      | Found a burning altar of Makhleb.
  1044 | D:3      | Became a worshipper of Makhleb the Destroyer
  1048 | D:3      | Learned a level 1 spell: Animate Skeleton
  1091 | D:3      | Killed tidbits's ghost
  1091 | D:3      | Reached skill level 6 in Necromancy
  1091 | D:3      | Reached XP level 6. HP: 45/45 MP: 9/11
  1261 | D:2      | Killed Sigmund
  1261 | D:2      | Reached skill level 4 in Spellcasting
  1261 | D:2      | Reached skill level 7 in Necromancy
  1444 | D:2      | Your scales start taking on an icy white colour.
  1444 | D:2      | Reached XP level 7. HP: 50/50 MP: 11/13
  1444 | D:2      | Gained mutation: Your flesh is cold resistant. (rC+) [White Draconian growth]
  1538 | D:4      | Noticed zero's ghost (novice MiBe)
  1567 | D:4      | Reached skill level 1 in Fighting
  1567 | D:4      | Reached skill level 2 in Dodging
  1570 | D:4      | Reached skill level 8 in Fighting
  1570 | D:4      | Reached skill level 7 in Dodging
  1570 | D:4      | Reached skill level 7 in Spellcasting
  1570 | D:4      | Reached XP level 8. HP: 63/74 MP: 10/19
  1572 | D:4      | Gained mutation: You are agile. (Dex +2) [potion of mutation]
  1572 | D:4      | Lost mutation: You are agile. (Dex +2) [potion of mutation]
  1572 | D:4      | Gained mutation: You are clumsy. (Dex -2) [potion of mutation]
  1572 | D:4      | Gained mutation: Your system is resistant to poisons. (rPois) [potion of mutation]
  1692 | D:1      | Learned a level 4 spell: Animate Dead
  1697 | D:1      | Learned a level 4 spell: Control Undead
  1797 | D:1      | Reached * piety under Makhleb
  2078 | D:4      | Found a hazy altar of Hepliaklqana.
  2100 | D:5      | Entered Level 5 of the Dungeon
  2134 | D:6      | Noticed a two-headed ogre
  2242 | D:5      | Noticed Menkaure
  2252 | D:5      | Killed Menkaure
  2316 | D:4      | Found a deep blue altar of Sif Muna.
  2338 | D:5      | Found a sacrificial altar of Ru.
  2453 | D:6      | Reached ** piety under Makhleb
  2582 | D:6      | Reached XP level 9. HP: 73/82 MP: 3/20
  2618 | D:5      | Noticed Pikel
  2638 | D:6      | Killed Pikel
  2638 | D:6      | Reached skill level 3 in Invocations
  2703 | D:7      | Noticed Dowan
  2704 | D:7      | Noticed Duvessa
  2725 | D:7      | Killed Dowan
  2725 | D:7      | Reached skill level 4 in Invocations
  2739 | D:7      | Found a shattered altar of Ashenzari.
  2771 | D:7      | Killed Duvessa
  2885 | D:7      | Found a sparkling altar of Nemelex Xobeh.
  2971 | D:7      | Reached skill level 5 in Invocations
  3129 | D:8      | Reached *** piety under Makhleb
  3145 | D:8      | Noticed Erica
  3154 | D:8      | Killed Erica
  3154 | D:8      | Reached skill level 6 in Invocations
  3274 | D:8      | Found Wufapiqu's Food Shoppe.
  3301 | D:8      | Noticed Ijustatesigmund's ghost (novice OpFi)
  3309 | D:8      | Killed Ijustatesigmund's ghost
  3309 | D:8      | Reached skill level 7 in Invocations
  3309 | D:8      | Reached XP level 10. HP: 90/90 MP: 21/21
  3331 | D:8      | Found a shimmering altar of Xom.
  3332 | D:8      | Found a white marble altar of Elyvilon.
  3360 | D:8      | Found a roughly hewn altar of Beogh.
  3431 | D:8      | Reached skill level 1 in Evocations
  3654 | D:8      | Found a shimmering altar of Xom.
  3660 | D:8      | Found a shimmering altar of Xom.
  3660 | D:8      | Found a shimmering altar of Xom.
  3660 | D:8      | Found a shimmering altar of Xom.
  3806 | D:9      | Reached skill level 2 in Evocations
  3821 | D:9      | Reached skill level 3 in Evocations
  3828 | D:9      | Reached **** piety under Makhleb
  3925 | D:10     | Entered Level 10 of the Dungeon
  3930 | D:10     | Reached skill level 4 in Evocations
  3970 | D:10     | Noticed a cyclops
  4167 | D:9      | Reached skill level 9 in Fighting
  4273 | D:11     | Noticed a deep elf mage
  4281 | D:11     | Reached skill level 8 in Dodging
  4282 | D:11     | Found Tiatoj's Book Shop.
  4284 | D:11     | Killed a deep elf mage
  4291 | D:11     | Bought a book of Geomancy for 455 gold pieces
  4294 | D:11     | Learned a level 2 spell: Passwall
  4332 | D:11     | Reached skill level 8 in Spellcasting
  4332 | D:11     | Reached skill level 1 in Transmutations
  4343 | D:11     | Found a staircase to the Lair.
  4380 | D:10     | Reached skill level 1 in Earth Magic
  4423 | D:10     | Reached XP level 11. HP: 97/97 MP: 23/23
  4466 | D:10     | Got a vibrating glass ring
  4468 | D:10     | Identified the ring "Viubus" {Str+5 Dex+3 Stlth+} (You found it on level 10 of the Dungeon)
  4548 | D:10     | Found a blossoming altar of Fedhas.
  4567 | D:10     | Reached skill level 2 in Transmutations
  4595 | D:10     | Killed an unseen horror
  4595 | D:10     | Reached skill level 2 in Earth Magic
  4761 | D:10     | Reached ***** piety under Makhleb
  4827 | D:11     | Reached skill level 3 in Transmutations
  4872 | D:11     | Reached skill level 3 in Earth Magic
  5043 | D:11     | Noticed Josephine
  5080 | D:11     | Noticed a deep elf mage
  5087 | D:11     | Killed a deep elf mage
  5123 | D:11     | Killed Josephine
  5123 | D:11     | Reached skill level 4 in Transmutations
  5123 | D:11     | Reached skill level 4 in Earth Magic
  5127 | D:11     | Reached skill level 9 in Spellcasting
  5168 | D:11     | Found a staircase to the Orcish Mines.
  5265 | Orc:1    | Entered Level 1 of the Orcish Mines
  5267 | Orc:1    | Noticed Fannar
  5297 | Orc:1    | HP: 7/97 [orc warrior/broad axe of holy wrath (17)]
  5298 | Orc:1    | Reached skill level 1 in Unarmed Combat
  5298 | Orc:1    | Mangled by an orc warrior

Vault maps used:
D:1:      dpeg_arrival_renting
D:2:      first_bread, minmay_gold_behind_fungi, serial_bayou_pond_d,
          hangedman_decor_clover_reticule, due_unseen_surprise, uniq_sigmund
D:3:      makhleb_blood_cavern_becter
D:4:      kennysheep_little_box, nicolae_overflow_hidden_temple,
          nrook_loot_triangle, uniq_ijyb
D:5:      nicolae_ru_path_of_blood, minmay_temple_entry_poolview, uniq_pikel,
          uniq_menkaure
D:6:      hangedman_cross_stitches
D:7:      okawaru_altar_gauntlet_db, vehumet_crystals, evilmike_ruin_ashenzari,
          nemelex_xobeh_ov_fountains_minmay, uniq_duvessa
D:8:      cheibrodos_two_vegetables, chequers_temple_overflow_statue_of_worship,
          special_room, serial_shops, nicolae_shop_stone, xom_shifter_show,
          uniq_erica
D:9:      minmay_the_grid_square_5x5_3x3, david_nohive_1
D:10:     fedhas_altar_1
D:11:     grunt_lair_entry_orc_guard_hut, orc_0_dummy, serial_shops,
          nicolae_shop_competitors_out_of_business, lightli_orcish_oven,
          uniq_josephine
Orc:1:    uniq_fannar, uniq_nergalle

Skill      XL: |  1  2  3  4  5  6  7  8  9 10 11 |
---------------+----------------------------------+-----
Necromancy     | 5 6 7 |  7.3
Spellcasting   | 3 4 7 8 9 |  9.0
Fighting       | 8 9 |  9.4
Dodging        | 7 8 |  8.1
Invocations    | 7 |  7.5
Evocations     | 4 |  4.0
Transmutations | 1 4 |  4.2
Earth Magic    | 1 4 |  4.1
Unarmed Combat | 1 |  1.0
Stealth        | |  1.7

Action                   |  1- 3 |  4- 6 |  7- 9 | 10-12 || total
-------------------------+-------+-------+-------+-------++-------
Melee: Club              |    27 |       |       |       ||    27
       Tailslap          |     2 |    13 |    24 |    42 ||    81
       Falchion          |     7 |    66 |   146 |       ||   219
       Dagger            |     2 |       |   130 |       ||   132
       Unarmed           |       |    17 |    22 |       ||    39
       Scimitar          |       |       |     2 |   208 ||   210
Throw: Stone             |       |     1 |       |     1 ||     2
 Cast: Pain              |    37 |    11 |    52 |    17 ||   117
       Regeneration      |     2 |     3 |    10 |     9 ||    24
       Vampiric Draining |       |     3 |    24 |     8 ||    35
       Animate Skeleton  |       |     3 |    15 |    16 ||    34
       Animate Dead      |       |       |     3 |     8 ||    11
       Control Undead    |       |       |     1 |     1 ||     2
       Passwall          |       |       |       |     6 ||     6
Invok: Lesser Servant of |       |       |     2 |     4 ||     6
       Minor Destruction |       |       |     2 |       ||     2
 Abil: Breathe Frost     |       |       |     9 |    10 ||    19
       Evoke Berserk Rag |       |       |     1 |    10 ||    11
Evoke: Wand              |       |       |       |     2 ||     2
  Use: Potion            |       |     1 |     5 |     3 ||     9
       Scroll            |       |       |     9 |     7 ||    16
 Stab: Sleeping          |       |     1 |     6 |     3 ||    10
       Distracted        |       |       |     2 |     4 ||     6
  Eat: Chunk             |     1 |     3 |    10 |    15 ||    29
       Bread ration      |       |       |       |     1 ||     1
Armor: Skin              |     6 |    34 |   100 |    65 ||   205
Dodge: Dodged            |    16 |    74 |   334 |   300 ||   724
       Rpst.: Falchion   |     3 |    21 |    51 |       ||    75
       Scimitar          |       |       |     1 |    94 ||    95

Table legend:
 A = Spawn XP
 B = Non-spawn XP
 C = Spawn XP percentage of total XP
 D = Spawn monster count
 E = Non-spawn monster count
 F = Spawn count percentage of total count
 G = Total turns spent on level
                    A         B        C        D         E        F      G
               +---------+---------+-------+---------+---------+-------+---------
         Total |       0 |   15802 |   0.0 |       0 |     260 |   0.0 |  5298
               +---------+---------+-------+---------+---------+-------+---------
           D:1 |       0 |      37 |   0.0 |       0 |      20 |   0.0 |   692
           D:2 |       0 |     259 |   0.0 |       0 |      18 |   0.0 |   491
           D:3 |       0 |     478 |   0.0 |       0 |      27 |   0.0 |   772
           D:4 |       0 |     199 |   0.0 |       0 |       7 |   0.0 |   155
           D:5 |       0 |     375 |   0.0 |       0 |      13 |   0.0 |   270
           D:6 |       0 |    1466 |   0.0 |       0 |      19 |   0.0 |   304
           D:7 |       0 |     507 |   0.0 |       0 |      16 |   0.0 |   334
           D:8 |       0 |    2009 |   0.0 |       0 |      44 |   0.0 |   788
           D:9 |       0 |    2511 |   0.0 |       0 |      35 |   0.0 |   320
          D:10 |       0 |    2843 |   0.0 |       0 |      26 |   0.0 |   564
          D:11 |       0 |    4918 |   0.0 |       0 |      30 |   0.0 |   575
         Orc:1 |       0 |     200 |   0.0 |       0 |       5 |   0.0 |    33
               +---------+---------+-------+---------+---------+-------+---------

Table legend:
 A = Turns spent in this place as a percentage of turns spent in the entire game.
 B = Non-inter-level travel turns spent in this place as a percentage of non-inter-level travel turns spent in the entire game.
 C = Inter-level travel turns spent in this place as a percentage of turns spent in this place.
 D = Turns resting spent in this place as a percentage of non-inter-level travel turns spent in this place.
 E = Turns spent auto-exploring this place as a percentage of non-inter-level travel turns spent in this place.
 F = Non-inter-level travel turns spent in this place divided by the number of levels of this place that you've seen.
                   A       B       C       D       E      F
               +-------+-------+-------+-------+-------+----------------------
         Total | 100.0 | 100.0 |   4.5 |   0.0 |   0.0 | 421.5
       Dungeon |  99.4 |  99.3 |   4.6 |   0.0 |   0.0 | 456.8
  Orcish Mines |   0.6 |   0.7 |   0.0 |   0.0 |   0.0 |  33.0
               +-------+-------+-------+-------+-------+----------------------

Table legend:
 A = Kills in this place as a percentage of kills in entire the game.
 B = Kills by you in this place as a percentage of kills by you in the entire game.
 C = Kills by friends in this place as a percentage of kills by friends in the entire game.
 D = Other kills in this place as a percentage of other kills in the entire game.
 E = Experience gained in this place as a percentage of experience gained in the entire game.
 F = Experience gained in this place divided by the number of levels of this place that you have seen.
                   A       B       C       D       E      F
               +-------+-------+-------+-------+-------+----------------------
         Total | 100.0 | 100.0 | 100.0 | 100.0 | 100.0 | 1316.8
       Dungeon |  98.1 |  98.6 |  96.1 | 100.0 |  98.7 | 1418.4
  Orcish Mines |   1.9 |   1.4 |   3.9 |   0.0 |   1.3 | 200.0
               +-------+-------+-------+-------+-------+----------------------

Vault maps used:
D:1:      dpeg_arrival_renting
D:2:      first_bread, minmay_gold_behind_fungi, serial_bayou_pond_d,
          hangedman_decor_clover_reticule, due_unseen_surprise, uniq_sigmund
D:3:      makhleb_blood_cavern_becter
D:4:      kennysheep_little_box, nicolae_overflow_hidden_temple,
          nrook_loot_triangle, uniq_ijyb
D:5:      nicolae_ru_path_of_blood, minmay_temple_entry_poolview, uniq_pikel,
          uniq_menkaure
D:6:      hangedman_cross_stitches
D:7:      okawaru_altar_gauntlet_db, vehumet_crystals, evilmike_ruin_ashenzari,
          nemelex_xobeh_ov_fountains_minmay, uniq_duvessa
D:8:      cheibrodos_two_vegetables, chequers_temple_overflow_statue_of_worship,
          special_room, serial_shops, nicolae_shop_stone, xom_shifter_show,
          uniq_erica
D:9:      minmay_the_grid_square_5x5_3x3, david_nohive_1
D:10:     fedhas_altar_1
D:11:     grunt_lair_entry_orc_guard_hut, orc_0_dummy, serial_shops,
          nicolae_shop_competitors_out_of_business, lightli_orcish_oven,
          uniq_josephine
Orc:1:    uniq_fannar, uniq_nergalle
